 Dungeon Crawl Stone Soup version 0.29.1-2-gbd0b4ee654 (webtiles) character file.

Game seed: 13143517210111904362

14723 Icepheonix32 the Fighter (level 11, -7/107 HPs)
             Began as a Minotaur Fighter on Nov 2, 2022.
             Was the Champion of Okawaru.
             Mangled by a large slime creature (34 damage)
             ... on level 12 of the Dungeon.
             The game lasted 00:25:10 (13356 turns).

Icepheonix32 the Fighter (Minotaur Fighter)        Turns: 13356, Time: 00:25:11

Health: -7/107     AC: 13    Str: 21    XL:     11   Next: 92%
Magic:  13/13      EV: 13    Int: 10    God:    Okawaru [******]
Gold:   870        SH:  0    Dex: 12    Spells: 10/10 levels left

rFire   + . .      SeeInvis .   Z - +5 trident (vorpal)
rCold   x . .      Faith    .   c - +0 buckler
rNeg    . . .      Spirit   .   k - +2 leather armour of Piota {Int+3}
rPois   .          Reflect  .   (helmet restricted)
rElec   .          Harm     .   P - +1 cloak
rCorr   .          Rampage  .   m - +1 pair of gloves
Will    +....                   E - +2 pair of boots
Stlth   +.........              r - amulet of the acrobat
HPRegen 0.27/turn               a - ring of fire
MPRegen 0.13/turn               J - ring of willpower

@: confused, ambrosia-drunk
A: horns 2, retaliatory headbutt
a: Renounce Religion, Heroism, Finesse, Duel


You were on level 12 of the Dungeon.
You worshipped Okawaru.
Okawaru was exalted by your worship.
You visited 2 branches of the dungeon, and saw 13 of its levels.
You also visited: Sewer and Bailey.

You collected 985 gold pieces.
You spent 115 gold pieces at shops.

Inventory:

Hand Weapons
 q - a +3 scimitar of flaming
 T - a +1 flail of protection
 V - a +4 flail
 Z - a +5 vorpal trident (weapon)
Missiles
 g - 8 boomerangs (quivered)
 i - 5 datura-tipped darts
 s - a silver javelin
 M - 5 curare-tipped darts
 U - a throwing net
 X - 4 javelins
 Y - 2 silver boomerangs
Armour
 b - a +0 scale mail
 c - a +0 buckler (worn)
 k - the +2 leather armour of Piota (worn) {Int+3}
   (You found it on level 2 of the Dungeon)

   Int:       It affects your intelligence (+3).
 m - a +1 pair of gloves (worn)
 z - +0 acid dragon scales
 E - a +2 pair of boots (worn)
 F - the +2 leather armour "Okhuseuz" {rC+}
   (You found it on level 5 of the Dungeon)

   rC:        It protects you from cold.
 I - a +0 pair of boots of flying
 P - a +1 cloak (worn)
Magical Staves
 A - a staff of air
Jewellery
 a - a ring of fire (left hand)
 r - an amulet of the acrobat (around neck)
 t - a ring of flight
 G - a ring of magical power
 J - a ring of willpower (right hand)
 N - a ring of see invisible
 Q - a ring of positive energy
Wands
 l - a wand of flame (18)
 p - a wand of iceblast (10)
 C - a wand of acid (15)
 H - a wand of paralysis (38)
 S - a wand of digging (4)
Scrolls
 e - 2 scrolls of fear
 f - 3 scrolls of amnesia
 j - 2 scrolls of magic mapping
 o - a scroll of poison
 u - 2 scrolls of immolation
 y - 2 scrolls of teleportation
 D - a scroll of torment
 K - a scroll of identify
 L - a scroll of blinking
 R - a scroll of brand weapon
 W - a scroll of silence
Potions
 d - 2 potions of might
 h - a potion of ambrosia
 n - 3 potions of mutation
 v - 3 potions of flight
 w - 3 potions of cancellation
 x - 2 potions of invisibility
 B - a potion of magic
 O - 2 potions of berserk rage


   Skills:
 * Level 13.0 Fighting
 - Level 10.0(10.7) Axes
 + Level 6.2(9.0) Polearms
 + Level 7.0 Throwing
 + Level 6.3 Armour
 + Level 6.7 Dodging
 + Level 3.0 Stealth
 + Level 8.1 Shields
 * Level 4.1 Invocations
 + Level 0.2 Evocations


You had 10 spell levels left.
You didn't know any spells.
Your spell library contained the following spells:

 Spells                   Type           Power      Damage    Failure   Level
 Static Discharge         Conj/Air       0%         3-3/arc   63%         2
 Dazzling Flash           Conj/Hex       0%         N/A       85%         3
 Inner Flame              Hex/Fire       0%         N/A       85%         3
 Portal Projectile        Hex/Tloc       0%         N/A       85%         3
 Cause Fear               Hex            0%         N/A       99%         4
 Dispel Undead            Necr           0%         3d6       99%         4
 Iskenderun's Mystic Bla  Conj/Tloc      0%         2d3       99%         4
 Leda's Liquefaction      Hex/Erth       0%         N/A       99%         4
 Sticky Flame             Conj/Fire      0%         2d3       99%         4
 Alistair's Intoxication  Tmut/Pois      0%         N/A       100%        5
 Borgnjor's Vile Clutch   Necr/Erth      0%         N/A       100%        5
 Eringya's Noxious Bog    Tmut/Pois      0%         N/A       100%        6
 Starburst                Conj/Fire      0%         6d3       100%        6
 Discord                  Hex            0%         N/A       100%        8
 Call Canine Familiar     Summ           Unusable   N/A       N/A         3
 Summon Forest            Summ/Tloc      Unusable   N/A       N/A         5
 Summon Hydra             Summ           Unusable   N/A       N/A         7

Dungeon Overview and Level Annotations

Branches:
Dungeon (12/15)            Temple (1/1) D:6            Lair (0/5) D:8
    Orc (0/2) D:12          Sewer (visited)          Bailey (visited)

Altars:
Ashenzari
Cheibriados
Dithmenos
Elyvilon
Fedhas
Gozag
Hepliaklqana
Kikubaaqudgha
Makhleb
Nemelex Xobeh
Okawaru
Qazlal
Ru
Sif Muna
Trog
Uskayaw
Vehumet
Wu Jian
Xom
Yredelemnul
Zin
The Shining One

Shops:
D:6 *   D:9 :


Innate Abilities, Weirdness & Mutations

You have a pair of horns on your head.
You reflexively headbutt those who attack you in melee.


Message History

You puncture the slime creature!
Your headbutt misses the slime creature.
The slime creature is moderately wounded.
The slime creature closely misses you. You furiously retaliate!
You headbutt the slime creature!
Two slime creatures merge to form a large slime creature.
You hit the large slime creature.
The large slime creature is moderately wounded.
Unknown command.
You hit the large slime creature.
The large slime creature is moderately wounded.
Unknown command.
You puncture the large slime creature! You headbutt the large slime creature.
The large slime creature is moderately wounded.
The large slime creature closely misses you.
You furiously retaliate!
You headbutt the large slime creature!
Unknown command.
You hit the large slime creature. You headbutt the large slime creature.
The large slime creature is heavily wounded.
You block the large slime creature's attack.
Unknown command.
You hit the large slime creature.
The large slime creature is heavily wounded.
The large slime creature hits you!!
Unknown command.
You puncture the large slime creature!
The large slime creature is severely wounded.
The large slime creature hits you!!
* * * LOW HITPOINT WARNING * * *
Unknown command.
You are too injured to fight recklessly!
Unknown command.
You barely miss the large slime creature.
The large slime creature is severely wounded.
The large slime creature misses you. You furiously retaliate!
You headbutt the large slime creature.
Unknown command.
You are confused.
You feel invigorated. The large slime creature hits you!!
You die...

#.........#
#.........+
......... .......
....) $.. #J# #@###
#...# ###.### #>..#
###.# ######
#######.## #.....
.........######.....
.........##.........
............###.....


You could see a large slime creature.

Vanquished Creatures
  Azrael (D:12)
  A two-headed ogre (D:10)
  3 death yaks (D:8)
  Nergalle (D:11)
  A manticore (D:11)
  A slime creature (D:12)
  A gargoyle (D:11)
  An unseen horror (D:11)
  A troll (D:11)
  2 wraiths (D:11)
  A fire elemental (D:12)
  18 yaks
  A steam dragon (D:10)
  4 vampire mosquitoes
  3 acid dragons
  A water moccasin (D:8)
  3 hell hounds (D:12)
  14 orc warriors
  3 ice beasts
  A sky beast (D:7)
  A black bear (D:4)
  3 ogres (D:5)
  3 centaurs
  A phantom (D:5)
  4 kobold brigands
  A bullfrog (D:7)
  2 necrophages
  A gnoll sergeant (D:8)
  2 scorpions
  16 killer bees
  4 howler monkeys
  4 electric eels
  4 hounds
  A gnoll bouda (D:8)
  10 orc priests
  4 jellies
  5 iguanas
  A hell rat (D:8)
  5 orc wizards
  16 gnolls
  4 river rats
  12 adders
  2 white imps
  An ufetubus (D:6)
  A worm (D:2)
  3 dart slugs
  38 orcs
  4 endoplasms
  A giant cockroach (D:1)
  10 hobgoblins
  14 jackals
  2 quokkas
  5 ball pythons
  3 bats
  6 frilled lizards
  13 goblins
  29 kobolds
  16 rats
314 creatures vanquished.

Vanquished Creatures (others)
  An unseen horror (D:12)
  A water elemental (D:12)
  53 plants (D:3)
55 creatures vanquished.

Grand Total: 369 creatures vanquished

Notes
Turn   | Place    | Note
-------+----------+-------------------------------------------
     0 | D:1      | Icepheonix32 the Minotaur Fighter began the quest for the
                  | Orb.
     0 | D:1      | Reached XP level 1. HP: 19/19 MP: 0/0
    26 | D:1      | Reached skill level 4 in Fighting
    28 | D:1      | Reached XP level 2. HP: 20/27 MP: 1/1
   286 | D:1      | Reached XP level 3. HP: 31/34 MP: 2/2
   457 | D:1      | Found a faded altar of an unknown god.
  1073 | D:2      | Reached skill level 1 in Dodging
  1121 | D:2      | Identified the +2 leather armour of Piota {Int+3}
  1311 | D:2      | Reached XP level 4. HP: 39/41 MP: 3/3
  2727 | D:4      | Reached skill level 5 in Fighting
  2732 | D:4      | Found a glowing drain.
  2736 | Sewer    | Entered a sewer
  2767 | Sewer    | Reached XP level 5. HP: 48/48 MP: 4/4
  3286 | D:4      | Found an iron altar of Okawaru.
  3295 | D:4      | Became a worshipper of Warmaster Okawaru
  3384 | D:4      | Reached XP level 6. HP: 51/56 MP: 5/5
  3392 | D:4      | Reached skill level 5 in Axes
  3545 | D:4      | Reached skill level 6 in Fighting
  3696 | D:4      | Reached XP level 7. HP: 62/64 MP: 6/6
  4008 | D:5      | Entered Level 5 of the Dungeon
  4082 | D:5      | Reached * piety under Okawaru
  4083 | D:5      | Reached skill level 7 in Fighting
  4152 | D:5      | Reached skill level 5 in Armour
  4420 | D:5      | Reached skill level 8 in Fighting
  4420 | D:5      | Reached skill level 5 in Shields
  4507 | D:5      | Identified the +2 leather armour "Okhuseuz" {rC+}
  4727 | D:5      | Reached XP level 8. HP: 64/74 MP: 7/7
  5150 | D:6      | Reached skill level 1 in Stealth
  5269 | D:6      | Reached ** piety under Okawaru
  5543 | D:6      | Found Hodduc's General Store.
  5551 | D:6      | Bought a scroll of identify for 20 gold pieces
  5551 | D:6      | Bought a potion of berserk rage for 50 gold pieces
  5551 | D:6      | Bought a +0 cloak for 45 gold pieces
  5738 | D:6      | Reached skill level 9 in Fighting
  5966 | D:6      | Found a staircase to the Ecumenical Temple.
  5972 | Temple   | Entered the Ecumenical Temple
  6204 | D:7      | Reached skill level 1 in Throwing
  6209 | D:7      | Reached XP level 9. HP: 47/84 MP: 8/8
  6387 | D:7      | Found a flagged portal.
  6399 | Bailey   | Entered a bailey
  6531 | Bailey   | Reached *** piety under Okawaru
  6532 | Bailey   | Reached skill level 5 in Dodging
  6547 | Bailey   | Reached skill level 10 in Fighting
  7766 | D:8      | Reached **** piety under Okawaru
  7914 | D:8      | Noticed a death yak
  7915 | D:8      | Noticed a death yak
  7928 | D:8      | Noticed a death yak
  7932 | D:8      | Killed a death yak
  7933 | D:8      | Reached XP level 10. HP: 63/94 MP: 7/9
  7942 | D:8      | Killed a death yak
  7943 | D:8      | Reached skill level 11 in Fighting
  7952 | D:8      | HP: 1/95 [death yak (22)]
  7953 | D:8      | Killed a death yak
  7953 | D:8      | Reached ***** piety under Okawaru
  7956 | D:8      | Reached skill level 10 in Axes
  8192 | D:8      | Found a staircase to the Lair.
  8318 | D:8      | Found a sparkling altar of Nemelex Xobeh.
  8733 | D:8      | Received a gift from Okawaru
  8748 | D:8      | Received a gift from Okawaru
  8751 | D:8      | Reached skill level 12 in Fighting
  9176 | D:9      | Reached skill level 1 in Invocations
  9180 | D:9      | Reached skill level 1 in Polearms
  9180 | D:9      | Reached skill level 5 in Throwing
  9539 | D:9      | Found Diqifutt's Book Shop.
  9967 | D:10     | Entered Level 10 of the Dungeon
  9978 | D:10     | Reached XP level 11. HP: 104/104 MP: 11/11
 10067 | D:10     | Found a glowing golden altar of the Shining One.
 10187 | D:10     | Found a shimmering altar of Xom.
 10327 | D:10     | Noticed a two-headed ogre
 10335 | D:10     | Killed a two-headed ogre
 10689 | D:10     | Found a broken altar of Ashenzari.
 11623 | D:11     | Found a broken altar of Ashenzari.
 11978 | D:12     | Noticed Azrael
 12052 | D:12     | Reached ****** piety under Okawaru
 12056 | D:12     | Noticed Nergalle
 12081 | D:11     | Killed Nergalle
 12082 | D:11     | Reached skill level 5 in Polearms
 12287 | D:12     | Received a gift from Okawaru
 12728 | D:12     | Found a staircase to the Orcish Mines.
 12839 | D:12     | Killed Azrael
 12839 | D:12     | Received a gift from Okawaru
 12840 | D:12     | Reached skill level 13 in Fighting
 13356 | D:12     | Mangled by a large slime creature

Illustrated notes

Levels and vault maps discovered:
D:1:      sevenhm_arrival_forest_fort_small_6, layout_loops_ring,
          dreamdust_ecumenical_altar_angels_and_demons,
          minmay_misc_feat_ornament, minmay_misc_feat_secret_circle
D:2:      layout_loops_ring
D:3:      layout_basic, serial_bayou, serial_bayou_crossing,
          serial_bayou_pond_c, serial_bayou_lagoon_a, serial_bayou_shore_a,
          serial_bayou_lake_a, grunt_ministairs_2
D:4:      layout_basic, mainiacjoe_overflow_boulevard, gup_sewer_entry_bowl
D:5:      layout_loops_ring
D:6:      layout_basic, temple_statues, serial_shops,
          nicolae_shop_temple_entry_statues_fountains
D:7:      layout_basic, enter_bailey_3, serial_park_tiny_pond, minivault_14,
          minmay_stone_trees_small, serial_bayou_pond_e
D:8:      layout_basic, nemelex_diamond_rough_becter, dpeg_lair_monsters
D:9:      gammafunk_indiana_jones, layout_loops_corners, serial_shops,
          nicolae_shop_waterfront
D:10:     layout_loops_cross, mainiacjoe_overflow_large_starburst,
          mainiacjoe_overflow_small_starburst, minivault_24
D:11:     layout_gridville, ashenzari_conservatory_becter
D:12:     layout_roguey, erik_orc_2, uniq_nergalle, uniq_azrael
Temple:   nicolae_temple_bog_church

Skill      XL: |  1  2  3  4  5  6  7  8  9 10 11 |
---------------+----------------------------------+-----
Fighting       | 4 5 6 8 9 10 12 13 | 13.0
Axes           | 3 4 5 6 9 10 | 10.0
Dodging        | 1 2 4 5 6 |  6.7
Armour         | 4 5 6 |  6.3
Shields        | 4 5 6 7 8 |  8.1
Stealth        | 1 2 3 |  3.0
Throwing       | 1 4 5 7 |  7.0
Invocations    | 1 4 |  4.1
Polearms       | 1 6 |  6.2
Evocations     | |  0.2

Action                   |  1- 3 |  4- 6 |  7- 9 | 10-12 || total
-------------------------+-------+-------+-------+-------++-------
Melee: War axe           |    79 |   114 |   214 |    80 ||   487
       Headbutt          |    12 |    18 |    42 |    77 ||   149
       Trident           |       |       |       |   271 ||   271
Throw: Boomerang         |       |       |    57 |    60 ||   117
Invok: Heroism           |       |       |     2 |     1 ||     3
Evoke: Wand              |       |       |     1 |     4 ||     5
  Use: Scroll            |       |     9 |     9 |     6 ||    24
       Potion            |       |       |     2 |    11 ||    13
 Stab: Sleeping          |       |       |     1 |     5 ||     6
       Distracted        |       |       |       |     1 ||     1
       Paralysed         |       |       |       |     3 ||     3
Armor: Scale mail        |    40 |       |       |       ||    40
       Leather armour    |     4 |    60 |    68 |    59 ||   191
Dodge: Dodged            |    55 |    57 |   146 |   181 ||   439
Block: Buckler           |    19 |    37 |    68 |    72 ||   196
